 Dungeon Crawl Stone Soup version 0.29-a0-617-g7a6b98fccd (webtiles) character file.

Game seed: 17950915028176465087

27 valliere the Shield-Bearer (level 3, -4/29 HPs)
             Began as a Formicid Fighter on June 17, 2022.
             Was a Follower of Dithmenos.
             Slain by a gnoll
             ... wielding a +0 spear
              (6 damage)
             ... on level 2 of the Dungeon.
             The game lasted 00:02:33 (1082 turns).

valliere the Shield-Bearer (Formicid Fighter)       Turns: 1082, Time: 00:02:35

Health: -4/29      AC:  9    Str: 22    XL:     3   Next: 25%
Magic:  3/3        EV:  6    Int:  7    God:    Dithmenos [*.....]
Gold:   47         SH:  5    Dex: 13    Spells: 2/2 levels left

rFire   . . .      SeeInvis +   f - +1 whip (pain)
rCold   . . .      Faith    .   c - +0 buckler
rNeg    . . .      Spirit   .   b - +0 scale mail
rPois   .          Reflect  .   (helmet unavailable)
rElec   .          Harm     .   (no cloak)
rCorr   .          Rampage  .   (no gloves)
Will    .....                   e - +1 pair of boots
Stlth   ..........              (no amulet)
HPRegen 0.09/turn               (no ring)
MPRegen 0.08/turn               (no ring)

@: wreathed by umbra, constricted
A: permanent stasis, dig shafts and tunnels, antennae 3, four strong arms
a: Dig, Shaft Self, Renounce Religion


You were on level 2 of the Dungeon.
You worshipped Dithmenos.
Dithmenos was aware of your devotion.
You visited 1 branch of the dungeon, and saw 2 of its levels.

You collected 47 gold pieces.

Inventory:

Hand Weapons
 a - a +0 flail
 f - a +1 whip of pain (weapon)
Missiles
 j - 20 stones
Armour
 b - a +0 scale mail (worn)
 c - a +0 buckler (worn)
 e - a +1 pair of boots (worn)
Scrolls
 i - a scroll of fear {unknown}
 k - a scroll of identify {unknown}
Potions
 d - a potion of might
 g - 2 potions of curing {unknown}
 h - a potion of heal wounds {unknown}


   Skills:
 + Level 3.6 Fighting
 * Level 2.6 Maces & Flails
 + Level 3.5 Armour
 + Level 4.3 Shields


You had 2 spell levels left.
You didn't know any spells.
Your spell library was empty.

Dungeon Overview and Level Annotations

Branches:
Dungeon (2/15)

Altars:
Dithmenos


Innate Abilities, Weirdness & Mutations

You cannot be hasted, slowed, berserked, paralysed or teleported.
You can dig through walls and to a lower floor.
You have a pair of large antennae on your head. (SInv)
Your four strong arms can wield two-handed weapons with a shield.


Message History

Found a scroll labelled VINOSI HAUMITT.
The hobgoblin shouts!
The hobgoblin moves out of view.
You whack the dart slug!
The dart slug is severely wounded.
The gnoll hits you from afar with a +0 spear.
The dart slug launches a dart at you. You block the slug dart.
The gnoll hits you but does no damage.
An endoplasm comes into view.
You whack the dart slug!
You kill the dart slug!
Dithmenos accepts your kill. You block the gnoll's attack.
The gnoll barely misses you.
You hit the gnoll.
The gnoll is moderately wounded.
The ball python bites you. The ball python grabs you.
The ball python constricts you. The gnoll hits you but does no damage.
The gnoll hits you from afar with a +0 spear. x2
You block the gnoll's attack. The ball python barely misses you.
The ball python constricts you.
You hit the ball python.
The ball python is severely wounded.
A quokka comes into view.
The ball python barely misses you. The ball python constricts you.
The gnoll hits you with a +0 club. The gnoll hits you but does no damage.
The gnoll hits you from afar with a +0 spear.
The gnoll hits you from afar with a +0 halberd!
* * * LOW HITPOINT WARNING * * *
You are too injured to fight recklessly!
You are too injured to fight recklessly!
You are too injured to fight recklessly!
You are too injured to fight recklessly!
You hit the gnoll.
The gnoll is heavily wounded.
The ball python bites you but does no damage.
The ball python constricts you. The gnoll hits you with a +0 club.
* * * LOW HITPOINT WARNING * * *
The gnoll barely misses you. x2
The gnoll hits you from afar with a +0 spear.
You die...

#.###.## # .##...
#..##...... .#. .
................# ....
#.#....#....#.#.#.##..#.
..........#.#.#.........
#.#J...#................
.)...gg...........##.##
#.#..gS#..##..#.#.##.#
.....g.@..###.#.#.##.###
####...g.....>#.#.......
##.##..#####.#.......
...................###
......................
..........#.###....#####
?####.......###....#....
#.......†..........
#................##


You could see 4 gnolls, an endoplasm, a hobgoblin and a ball python.

Vanquished Creatures
  2 dart slugs (D:2)
  A ball python (D:1)
  3 bats (D:1)
  2 endoplasms (D:1)
  2 hobgoblins (D:1)
  2 jackals (D:1)
  2 kobolds (D:1)
  2 frilled lizards (D:1)
  A goblin (D:1)
  5 rats (D:1)
22 creatures vanquished.

Notes
Turn   | Place    | Note
-------+----------+-------------------------------------------
     0 | D:1      | valliere the Formicid Fighter began the quest for the Orb.
     0 | D:1      | Reached XP level 1. HP: 18/18 MP: 1/1
   105 | D:1      | Reached XP level 2. HP: 24/24 MP: 2/2
   612 | D:1      | Reached XP level 3. HP: 27/29 MP: 3/3
   677 | D:1      | Found a faded altar of an unknown god.
   996 | D:1      | Prayed at the altar of an unknown god.
   996 | D:1      | Became a worshipper of Dithmenos the Shadowed
   996 | D:1      | Reached * piety under Dithmenos
  1082 | D:2      | Slain by a gnoll

Illustrated notes

Levels and vault maps discovered:
D:1:      dpeg_arrival_fog, layout_loops_cross, ebering_ecumenical_altar_mist
D:2:      layout_basic

Action                   || total
-------------------------++-------
Melee: Flail             ||     6
       Whip              ||    63
Armor: Scale mail        ||    24
Dodge: Dodged            ||    28
Block: Buckler           ||    12

Table legend: (Time is in decaauts)
 A = Elapsed time spent in this place.
 B = Non-inter-level travel time spent in this place.
 C = Inter-level travel time spent in this place.
 D = Time resting spent in this place.
 E = Time spent auto-exploring this place.
 F = Levels seen in this place.
 G = Mean time per level.
                   A        B        C        D        E       F      G
               +--------+--------+--------+--------+--------+-----+--------+
         Total |   1083 |   1011 |     72 |      0 |    821 |   2 |  541.5 |
       Dungeon |   1083 |   1011 |     72 |      0 |    821 |   2 |  541.5 |
               +--------+--------+--------+--------+--------+-----+--------+

Top non-repeatable levels by time:
     D:1: 1014 daAuts
     D:2: 69 daAuts
